 Dungeon Crawl Stone Soup version 0.16-a0-100-g0188e4c (webtiles) character file.

67253 Chiseanne the Eclecticist (level 14, 0/85 HPs)
             Began as a Demonspawn Wizard on Aug 8, 2014.
             Was a High Priest of Vehumet.
             Killed from afar by Josephine (40 damage)
             ... with a ghostly fireball
             ... on Level 15 of the Dungeon on Aug 9, 2014.
             The game lasted 02:34:11 (37666 turns).

Chiseanne the Eclecticist (Demonspawn Wizard)      Turns: 37666, Time: 02:34:11

HP   0/85        AC 12     Str  7      XL: 14   Next: 82%
MP   0/36        EV  9     Int 26      God: Vehumet [*****.]
Gold 1593        SH  8     Dex 11      Spells: 11 memorised,  5 levels left

rFire  . . .     SeeInvis .     a - staff of wizardry
rCold  + . .     Clarity  .     y - +3 leather armour {rPois}
rNeg   . . .     rCorr    .     O - +2 buckler
rPois  +         rRot     +     S - +0 helmet
rElec  .         Spirit   +     A - +0 cloak
SustAb .         Warding  .     p - +0 pair of gloves
rMut   +         Stasis   .     (no boots)
Gourm  .                        H - amulet of resist mutation
MR     +....                    j - cursed ring of ice
                                g - ring of protection from fire

@: very slightly contaminated, somewhat resistant to hostile enchantments, very
unstealthy
A: claws 1, large bone plates 2, foul stench 2, magic shield, rot immunity
a: Renounce Religion


You were on level 15 of the Dungeon.
You worshipped Vehumet.
Vehumet was extremely pleased with you.
You were not hungry.

You visited 3 branches of the dungeon, and saw 23 of its levels.
You also visited: Labyrinth and Sewer.

You collected 1593 gold pieces.

Inventory:

Hand weapons
 s - the +6 flail of the Onslaught {crush, +Fly rElec Stlth-}
   (You found it on level 7 of the Dungeon)

   It inflicts extra damage upon your enemies.
   It insulates you from electricity.
   It lets you fly.
   It makes you less stealthy.
 w - a +0 blowgun
Missiles
 k - 5 curare-tipped needles
Armour
 p - a +0 pair of gloves (worn)
 y - a +3 leather armour of poison resistance (worn)
 A - a +0 cloak (worn)
 O - a +2 buckler (worn)
 S - a +0 helmet (worn)
Magical devices
 t - a wand of digging (1)
 B - a wand of teleportation (5)
 F - a wand of teleportation (7)
Comestibles
 h - 10 meat rations
 l - 7 bread rations
 o - 3 rotting chunks of centaur flesh
 v - 10 royal jellies
 G - 4 beef jerkies
 P - 28 fruits
Scrolls
 e - 4 scrolls of immolation
 n - 2 scrolls of teleportation
 x - 7 scrolls of identify
 z - 2 scrolls of vulnerability
 D - a scroll of fog
 K - 4 scrolls of fear
 M - 10 scrolls of remove curse
 X - 2 scrolls of magic mapping
Jewellery
 g - a ring of protection from fire (left hand)
 j - a cursed ring of ice (right hand)
 H - an amulet of resist mutation (around neck)
Potions
 f - 2 potions of flight
 m - a potion of cancellation
 q - 7 potions of heal wounds
 u - 2 potions of agility
 C - 9 potions of haste
 E - a potion of might
 I - 9 potions of curing
 L - 2 potions of berserk rage
 Q - a potion of mutation
Books
 b - a Necronomicon {highlevel}

   This book is beyond your current level of understanding.

   Spells                             Type                      Level
   Haunt                              Necromancy/Summoning         7
   Borgnjor's Revivification          Necromancy                   8
   Death's Door                       Charms/Necromancy            8
   Necromutation                      Transmutation/Necromancy     8
 d - a book of Air

   Spells                             Type                      Level
   Shock                              Conjuration/Air              1
   Swiftness                          Charms/Air                   2
   *Repel Missiles                    Charms/Air                   2
   Flight                             Charms/Air                   3
   Static Discharge                   Conjuration/Air              3
   Lightning Bolt                     Conjuration/Air              5
 J - a book of Fire

   Spells                             Type                      Level
   Ignite Poison                      Fire/Transmutation           5
   Fireball                           Conjuration/Fire             5
   Bolt of Fire                       Conjuration/Fire             6
   Delayed Fireball                   Conjuration/Fire             7
   Ring of Flames                     Charms/Fire                  7
 N - a book of Conjurations

   Spells                             Type                      Level
   *Magic Dart                        Conjuration                  1
   *Searing Ray                       Conjuration                  2
   Dazzling Spray                     Conjuration/Hexes            3
   Fulminant Prism                    Conjuration/Hexes            4
   *Iskenderun's Mystic Blast         Conjuration                  4
   Iskenderun's Battlesphere          Conjuration/Charms           5
 R - a book of Annihilations

   Spells                             Type                      Level
   Poison Arrow                       Conjuration/Poison           6
   Chain Lightning                    Conjuration/Air              8
   Lehudib's Crystal Spear            Conjuration/Earth            8
   Glaciate                           Conjuration/Ice              9
   Fire Storm                         Conjuration/Fire             9
Magical staves
 a - an uncursed staff of wizardry (weapon)
 c - an uncursed staff of conjuration
Miscellaneous
 r - a legendary deck of defence {the Shadow}


   Skills:
 - Level 1.7 Dodging
 - Level 1.7 Stealth
 * Level 15.7 Spellcasting
 * Level 15.4 Conjurations
   Level 1.0 Summonings
 - Level 0.8 Translocations
 - Level 10.9 Ice Magic


You had 5 spell levels left.
You knew the following spells:

 Your Spells              Type           Power        Failure   Level  Hunger
a - Iskenderun's Mystic   Conj           #######.     1%          4    None
b - Orb of Destruction    Conj           #######...   1%          7    #####..
c - Mephitic Cloud        Conj/Pois/Air  #####...     1%          3    None
d - Searing Ray           Conj           ######       0%          2    None
e - Freezing Cloud        Conj/Ice/Air   #######...   3%          6    ####...
f - Bolt of Cold          Conj/Ice       #######...   1%          6    ####...
g - Blink                 Tloc           N/A          3%          2    None
h - Repel Missiles        Chrm/Air       ###...       4%          2    None
i - Regeneration          Chrm/Necr      ###.......   9%          3    None
j - Conjure Flame         Conj/Fire      ####....     1%          3    None
k - Magic Dart            Conj           ####         0%          1    None


Dungeon Overview and Level Annotations

Branches:
Dungeon (15/15)            Temple (1/1) D:5             Orc (0/4) D:11
   Lair (8/8) D:8           Swamp (0/5) Lair:5        Snake (0/5) Lair:6
  Slime (0/6) Lair:7       Depths (0/5) D:15
 Vaults: D:13-14

Altars:
Ashenzari
Cheibriados
Dithmenos
Elyvilon
Fedhas
Gozag
Kikubaaqudgha
Makhleb
Nemelex Xobeh
Okawaru
Qazlal
Sif Muna
Trog
Vehumet
Xom
Yredelemnul
Zin
The Shining One
Beogh
Jiyva

Annotations:
D:4 TZer0's ghost, average OgDK
D:15 exclusion: Roxanne, Josephine; Roxanne


Innate Abilities, Weirdness & Mutations

You have sharp fingernails.
You are mostly covered in large bone plates (AC +3, SH +3).
You radiate miasma.
When hurt, damage is shared between your health and your magic reserves.
You are immune to rotting.


Message History

As you read the scroll of blinking, it crumbles to dust.
You are very lightly contaminated with residual magic.
Found four items.
Drink which item? (? for menu, Esc to quit)
You feel much better.
There is an open door here.
X - 2 scrolls of magic mapping (gained 1)
There is an open door here.
There is an open door here.
Josephine zaps a wand.
You block the puff of flame.
Casting: Iskenderun's Mystic Blast
Confirm with . or Enter, or press ? or * to list all spells.
Aiming: Iskenderun's Mystic Blast
Press: ? - help, Shift-Dir - straight line, f - Josephine
Aim: Josephine, wielding a dagger, wearing a robe and carrying a wand of flame {zapped: 1} The orb of energy hits Josephine.
Josephine is moderately wounded.
Josephine points at you and mumbles some strange words.
The ghostly flame explodes!
The ghostly fireball engulfs you!
You die...

# ### ######..).
... .....+.....
... ......#......
#.#####....#......
#.....#....#......
#...(.#....#.(....
#@...$.....#......
#'#####@##.......Z
#.....'......###?.
#.###.#......# #.#
#.###.#......#
#.###.#.......# #
+.....#......... #
#####'#.......#.#.
#....####...


You could see Josephine.

Vanquished Creatures
  An ettin (D:15)
  A minotaur (Lab)
  5 hydras
  Fannar (Lair:8)
  A centaur warrior (D:13)
  9 death yaks
  Nergalle (D:15)
  The ghost of tabulaattori the Hoplite, an experienced MiFi of Okawaru (D:7)
  3 unseen horrors
  A deep troll (D:15)
  4 hill giants
  2 orc knights (D:11)
  3 ugly things (D:12)
  2 griffons
  A manticore (D:12)
  10 elephants
  6 black mambas
  21 spiny frogs
  A centaur skeleton (D:12)
  3 komodo dragons
  A tengu conjurer (D:15)
  2 feature mimics
  A polar bear (Lair:6)
  2 two-headed ogres
  2 fire drakes
  3 giant leeches (Lair:8)
  Sonja (D:12)
  4 trolls
  A boulder beetle (Lair:8)
  22 blink frogs
  4 basilisks
  46 yaks
  2 deep elf magi
  Eustachio (D:8)
  10 hippogriffs
  Grum (D:11)
  3 hungry ghosts
  24 wolves
  Edmund (D:9)
  5 vampire mosquitoes (Lair:8)
  7 water moccasins
  4 orc warriors
  13 porcupines
  4 black bears
  9 ogres
  3 ice beasts
  A sky beast (D:6)
  14 crocodiles
  2 phantoms
  A necrophage (D:7)
  40 giant frogs
  3 boring beetles
  4 centaurs
  3 big kobolds
  A cyclops skeleton (D:11)
  3 eyes of draining
  A tengu zombie (D:13)
  A troll zombie (D:12)
  3 scorpions
  18 killer bees
  A troll skeleton (D:10)
  9 crimson imps
  4 electric eels (Lair:8)
  A centaur zombie (D:8)
  2 quasits (D:11)
  A goliath beetle (D:8)
  12 jellies
  10 hounds
  17 orc priests
  3 elf zombies
  13 orc wizards
  8 iguanas
  7 worker ants
  23 sheep
  A mummy (D:10)
  A mottled dragon skeleton (D:12)
  31 adders
  7 gnolls
  73 green rats
  An orc zombie (D:8)
  An inept item mimic (D:7)
  4 shadow imps
  3 giant mites
  3 worms
  9 giant geckos
  8 oozes
  92 orcs
  A bat skeleton (D:4)
  A bat zombie (D:6)
  7 giant cockroaches
  25 goblins
  22 hobgoblins
  12 jackals
  14 quokkas
  13 ball pythons
  12 bats
  6 giant newts
  2 giant spores
  A hobgoblin zombie (D:4)
  38 kobolds
  2 kobold zombies
  2 orc skeletons
  46 rats
  A rat skeleton (D:4)
  3 ballistomycetes
  3 bushes
  33 fungi
  65 plants
1002 creatures vanquished.

Vanquished Creatures (collateral kills)
  A crocodile (Lair:4)
  A killer bee (D:7)
  An adder (Lair:4)
3 creatures vanquished.

Vanquished Creatures (others)
  A killer bee (D:8)
  An orc (D:10)
  A giant spore (D:8)
  A rat (D:8)
  A bush (Lair:8)
  12 fungi
  15 plants
32 creatures vanquished.

Grand Total: 1037 creatures vanquished

Notes
Turn   | Place    | Note
--------------------------------------------------------------
     0 | D:1      | Chiseanne, the Demonspawn Wizard, began the quest for the Orb.
     0 | D:1      | Reached XP level 1. HP: 13/13 MP: 4/4
   386 | D:1      | Gained mutation: You are immune to rotting. [demonic ancestry]
   386 | D:1      | Reached XP level 2. HP: 19/19 MP: 1/6
  1263 | D:1      | Reached XP level 3. HP: 24/24 MP: 2/8
  1732 | D:2      | Learned a level 3 spell: Conjure Flame
  1736 | D:2      | Learned a level 3 spell: Mephitic Cloud
  2331 | D:2      | Reached XP level 4. HP: 26/30 MP: 10/10
  2819 | D:2      | Reached skill level 4 in Spellcasting
  3321 | D:3      | Reached XP level 5. HP: 18/35 MP: 8/13
  3597 | D:3      | Learned a level 2 spell: Blink
  3600 | D:3      | Learned a level 2 spell: Repel Missiles
  4922 | D:4      | Noticed TZer0's ghost (average OgDK)
  4949 | D:3      | Reached XP level 6. HP: 33/41 MP: 12/16
  5643 | D:4      | Noticed an ogre
  5656 | D:4      | Killed an ogre
  5656 | D:4      | Reached skill level 5 in Spellcasting
  5656 | D:4      | Reached skill level 5 in Conjurations
  6141 | D:5      | Entered Level 5 of the Dungeon
  6141 | D:5      | Found a staircase to the Ecumenical Temple.
  6154 | Temple   | Entered the Ecumenical Temple
  6239 | Temple   | Became a worshipper of Vehumet
  6316 | D:5      | Reached XP level 7. HP: 46/46 MP: 10/19
  6851 | D:5      | Reached skill level 6 in Conjurations
  7256 | D:6      | Gained mutation: You have sharp fingernails. [demonic ancestry]
  7256 | D:6      | Reached XP level 8. HP: 41/52 MP: 11/22
  7303 | D:6      | Acquired Vehumet's first power
  7303 | D:6      | Offered knowledge of Flame Tongue by Vehumet.
  7318 | D:6      | Found a glowing drain.
  7466 | D:6      | Reached skill level 7 in Conjurations
  7478 | Sewer    | Entered a sewer
  7773 | Sewer    | Learned a level 3 spell: Regeneration
  8018 | Sewer    | Offered knowledge of Searing Ray by Vehumet.
  8022 | Sewer    | Learned a level 2 spell: Searing Ray
  8688 | D:6      | Offered knowledge of Dazzling Spray by Vehumet.
  8790 | D:6      | Reached skill level 8 in Conjurations
  9130 | D:6      | Found a shadowy altar of Dithmenos.
  9133 | D:6      | Found a basalt altar of Yredelemnul.
  9150 | D:6      | Found a bloodstained altar of Trog.
  9159 | D:6      | Acquired Vehumet's second power
  9325 | D:6      | Gained mutation: You emit a foul stench. [demonic ancestry]
  9325 | D:6      | Reached XP level 9. HP: 57/57 MP: 10/25
  9474 | D:6      | Offered knowledge of Sticky Flame by Vehumet.
  9820 | D:6      | Reached skill level 9 in Conjurations
 10323 | D:7      | Found a blossoming altar of Fedhas.
 10602 | D:7      | Acquired Vehumet's third power
 10735 | D:7      | Offered knowledge of Lee's Rapid Deconstruction by Vehumet.
 11061 | D:7      | Noticed tabulaattori's ghost (experienced MiFi)
 11466 | D:7      | Got an ancient flail
 11467 | D:7      | Identified the +6 flail of the Onslaught {crush, +Fly rElec Stlth-} (You found it on level 7 of the Dungeon)
 11626 | D:7      | Killed tabulaattori's ghost
 11626 | D:7      | Reached skill level 10 in Conjurations
 11772 | D:7      | Reached XP level 10. HP: 63/63 MP: 23/28
 12594 | D:8      | Noticed Eustachio
 12608 | D:8      | Reached skill level 10 in Spellcasting
 12634 | D:8      | Killed Eustachio
 12728 | D:8      | Found a staircase to the Lair.
 13256 | D:8      | Reached skill level 11 in Conjurations
 13798 | Lair:1   | Entered Level 1 of the Lair of Beasts
 14048 | Lair:1   | Found a frozen archway.
 14060 | Lair:1   | the frozen archway was a mimic.
 14910 | Lair:1   | Offered knowledge of Freezing Cloud by Vehumet.
 14918 | Lair:1   | Learned a level 6 spell: Freezing Cloud
 15932 | Lair:2   | Gained mutation: You are partially covered in large bone plates (AC +2, SH +2). [demonic ancestry]
 15932 | Lair:2   | Reached XP level 11. HP: 68/68 MP: 24/30
 16792 | Lair:3   | Reached skill level 5 in Ice Magic
 17050 | Lair:3   | Noticed a seven-headed hydra
 17056 | Lair:3   | Killed a seven-headed hydra
 18305 | Lair:3   | Noticed an eight-headed hydra
 18310 | Lair:3   | Killed an eight-headed hydra
 18839 | Lair:4   | Learned a level 6 spell: Bolt of Cold
 19124 | Lair:4   | Got a dazzling scale mail
 19198 | Lair:4   | Identified the +3 scale mail of Peek-a-Boo {rF+} (You found it on level 4 of the Lair of Beasts)
 19266 | Lair:4   | Offered knowledge of Bolt of Draining by Vehumet.
 19654 | Lair:4   | Gained mutation: You are mostly covered in large bone plates (AC +3, SH +3). [demonic ancestry]
 19654 | Lair:4   | Reached XP level 12. HP: 69/74 MP: 21/31
 20524 | Lair:5   | Reached skill level 10 in Ice Magic
 20529 | Lair:5   | Reached skill level 12 in Spellcasting
 20843 | Lair:5   | Found a staircase to the Swamp.
 20901 | Lair:5   | Noticed a four-headed hydra
 20907 | Lair:5   | Killed a four-headed hydra
 21674 | Lair:6   | Found a staircase to the Snake Pit.
 22368 | Lair:6   | Noticed a seven-headed hydra
 22377 | Lair:6   | Killed a seven-headed hydra
 22573 | Lair:6   | Offered knowledge of Spellforged Servitor by Vehumet.
 22649 | Lair:6   | Learned a level 7 spell: Orb of Destruction
 22775 | Lair:6   | Noticed a six-headed hydra
 22780 | Lair:6   | Killed a six-headed hydra
 23124 | Lair:7   | Found a viscous altar of Jiyva.
 23124 | Lair:7   | Found a staircase to the Slime Pits.
 23511 | Lair:7   | Reached skill level 13 in Spellcasting
 23658 | Lair:7   | Gained mutation: When hurt, damage is shared between your health and your magic reserves. [demonic ancestry]
 23658 | Lair:7   | Reached XP level 13. HP: 79/79 MP: 7/34
 25766 | Lair:8   | Entered Level 8 of the Lair of Beasts
 26561 | Lair:8   | Offered knowledge of Lightning Bolt by Vehumet.
 26568 | Lair:8   | Learned a level 4 spell: Iskenderun's Mystic Blast
 26701 | Lair:8   | Reached skill level 14 in Spellcasting
 26932 | Lair:8   | Noticed Fannar
 26940 | Lair:8   | Killed Fannar
 28326 | Lair:8   | Gained mutation: You radiate miasma. [demonic ancestry]
 28326 | Lair:8   | Reached XP level 14. HP: 85/85 MP: 16/35
 30344 | D:9      | Noticed Edmund
 30348 | D:9      | Killed Edmund
 30795 | D:9      | Offered knowledge of Poisonous Cloud by Vehumet.
 31187 | D:10     | Entered Level 10 of the Dungeon
 32142 | D:10     | Reached skill level 15 in Spellcasting
 33689 | D:11     | Noticed Grum
 33750 | D:11     | Killed Grum
 34056 | D:11     | Found a roughly hewn altar of Beogh.
 34314 | D:11     | Found a staircase to the Orcish Mines.
 34711 | D:12     | Found a labyrinth entrance.
 34726 | Lab      | Entered a labyrinth
 35712 | D:12     | Upgraded the game from 0.16-a0-77-g708f960 to 0.16-a0-100-g0188e4c
 35875 | D:12     | Reached skill level 15 in Conjurations
 35945 | D:12     | Found a blossoming altar of Fedhas.
 36150 | D:12     | Noticed Sonja
 36152 | D:12     | Killed Sonja
 37343 | D:13     | You fall through a shaft for 2 floors!
 37343 | D:15     | Entered Level 15 of the Dungeon
 37343 | D:15     | Noticed Josephine
 37348 | D:15     | Noticed Roxanne
 37639 | D:15     | Noticed Nergalle
 37645 | D:15     | Killed Nergalle
 37646 | D:15     | Found a staircase to the Depths.
 37666 | D:15     | Killed from afar by Josephine

Action                   |  1- 3 |  4- 6 |  7- 9 | 10-12 | 13-15 || total
-------------------------+-------+-------+-------+-------+-------++-------
Melee: Short sword       |     3 |       |       |       |       ||     3
       Dagger            |    21 |   101 |       |       |       ||   122
       Whip              |       |       |    93 |       |       ||    93
       Flail             |       |       |       |    61 |     8 ||    69
       Staff             |       |       |       |     2 |     2 ||     4
 Fire: Blowgun           |       |       |       |       |     9 ||     9
 Cast: Magic Dart        |    88 |   179 |   454 |   398 |    42 ||  1161
       Conjure Flame     |     1 |     5 |    21 |    27 |     1 ||    55
       Mephitic Cloud    |     1 |     2 |    26 |    25 |       ||    54
       Repel Missiles    |       |     1 |     2 |     1 |       ||     4
       Searing Ray       |       |       |     3 |    50 |     3 ||    56
       Freezing Cloud    |       |       |       |   117 |   189 ||   306
       Orb of Destructio |       |       |       |    10 |    23 ||    33
       Blink             |       |       |       |     8 |     2 ||    10
       Iskenderun's Myst |       |       |       |       |   265 ||   265
       Regeneration      |       |       |       |       |     1 ||     1
Evoke: Wand              |       |     1 |     2 |       |    16 ||    19
  Use: Scroll            |     6 |    10 |    11 |     2 |    13 ||    42
       Potion            |       |     2 |     2 |     1 |     3 ||     8
 Stab: Confused          |       |       |       |     1 |       ||     1
  Eat: Bread ration      |     1 |       |       |       |       ||     1
       Chunk             |       |    11 |    16 |    66 |    74 ||   167
       Pizza             |       |     1 |       |     1 |     2 ||     4
       Fruit             |       |       |     1 |     2 |     6 ||     9
       Royal jelly       |       |       |       |     1 |     1 ||     2
       Beef jerky        |       |       |       |       |     1 ||     1
